AoeStats
← Prometheus

Arena

510495854Analyzed
1v1 RM · 1d ago on Oct 1, 2026· 50m 28s· 2 players
Game mode
Random Map
Map size
Tiny (2 player)
Population
200
Speed
Normal
Resources
Standard
Victory
Conquest
Starting age
Dark Age
Ending age
Imperial Age
RankedLock teamsTeams togetherTeam positionsShared explorationLock speedFull tech treeHidden civsTurbo modeCheats
Victory
Defeat
🇬🇧 Turks · United Kingdom
1006
+16
🇫🇷 Inca · France
1013
-16
Prometheus
10:40 Feudal Age
11:44 Double-Bit Axe
16:11 Castle Age
14:18 Horse Collar
16:32 Scale Barding Armor
17:31 Bow Saw
21:01 Forging
22:03 Bloodlines
22:41 Husbandry
23:17 Chain Barding Armor
23:45 Stone Mining
24:45 Wheelbarrow
23:56 Town Watch
23:57 Loom
24:43 Gold Mining
24:57 Heavy Plow
26:00 Fletching
26:16 Padded Archer Armor
26:44 Town Patrol
27:29 Bodkin Arrow
27:50 Leather Archer Armor
29:12 Iron Casting
30:25 Hand Cart
36:44 Imperial Age
37:47 Conscription
37:27 Artillery
37:11 Elite Janissary
39:33 Ring Archer Armor
42:41 Plate Barding Armor
43:08 Blast Furnace
45:29 Bracer
ExDeus
9:24 Loom
11:37 Feudal Age
12:10 Double-Bit Axe
12:10 Horse Collar
20:05 Castle Age
19:41 Champi Runner
20:07 Arson
20:24 Scale Mail Armor
20:35 Forging
21:00 Scale Mail Armor
21:11 Forging
22:14 Chain Mail Armor
21:21 Pikeman
22:01 Squires
24:29 Wheelbarrow
24:35 Town Watch
27:16 Iron Casting
27:32 Town Patrol
29:05 Arson
30:13 Hand Cart
33:44 Ballistics
33:15 Fletching
33:26 Padded Archer Armor
36:17 Imperial Age
34:20 Bow Saw
34:12 Heavy Plow
34:03 Stone Mining
34:05 Gold Mining
34:38 Elite Skirmisher
35:15 Bodkin Arrow
35:57 Leather Archer Armor
37:25 Andean Sling
37:47 Masonry
39:05 Heavy Scorpion
41:28 Conscription
42:12 Hoardings
42:27 Conscription
42:34 Elite Kamayuk
46:17 Plate Mail Armor
46:47 Blast Furnace
45:51 Elite Kamayuk
46:36 Fabric Shields
Connection lost

Rejoining the realm…

Still unreachable

The connection could not be restored.

Session expired

The server has moved on; the page needs a fresh start.